Map: Rifts to Korhal

Players

Hunter

  • Race: Zerg Zerg
  • League: Diamond
  • Spawn Location: 7:00

COLcy

  • Race: Zerg Zerg
  • Spawn Location: 7:00

VOD

https://youtu.be/5M37TeeyjXk

Description

Zagara has always been one of my favorite commanders, for many reasons. My favorite reason is the sheer joy of watching entire attack waves melt under Banes and Scourge. Her macro is similar to Nova as she doesn't need much to get every upgrade and access to every unit. Queens or extra Hatches should be added to increase Larva production. Have fun with her and try to make more Banes than you think while learning Zagara. Later you will find the sweet spot.

Time

  • Played on: June 17, 2018, 1:07 a.m.
  • Length: 19:21
Show
View Real Time Build Order
Export as new Build Order

Hunter Zerg 

Build Orders:  

Get SALT Encoding   

  6  0:10  Drone x2  
  6  0:18  Drone x2  
  8  0:27  Drone x2  
  9  0:32  Extractor  
  8  0:40  Drone x2  
  9  0:50  Drone x2  
  10  1:13  Spawning Pool  
  10  1:21  Drone x2  
  10  1:25  Extractor  
  10  1:45  Baneling Nest  
  10  1:46  Swarmling x3  
  10  1:47  Swarmling x3  
  13  2:00  Drone x2  
  13  2:03  Overlord  
  14  2:30  Drone x6  
  17  3:03  Hatchery  
  18  3:21  Drone x4  
  18  3:28  Overlord  
  20  3:30  Evolution Chamber  
  21  3:57  Drone x4  
  21  3:58  Drone x2  
  24  4:00  Centrifical Hooks  
  24  4:08  Lair  
  24  4:18  Heroic Fortitude  
  26  4:27  Metabolic Boost  
  26  4:31  Drone x6  
  29  4:43  Extractor  
  29  4:46  Overlord, Extractor  
  30  5:02  Overlord  
  30  5:08  Drone x2  
  31  5:15  Drone x4  
  31  5:16  Drone x2  
  36  5:26  Medusa Blades  
  36  5:42  Hive  
  38  5:54  Scourge Nest  
  38  6:04  Drone x2  
  38  6:08  Corrosive Acid  
  39  6:11  Hardened Carapace  
  41  6:37  Overlord x2  
  43  6:53  Drone x2  
  44  7:02  Hatchery  
  44  7:03  Hatchery  
  44  7:04  Zerg Melee Weapons Level 1  
  44  7:07  Simplified Genome  
  45  7:40  Overlord x3  
  47  7:57  Overseer x2  
  47  8:09  Virulent Spores  
  47  8:12  Rupture  
  47  8:15  Shredding Claws  
  49  8:21  Pneumatized Carapace  
  43  8:50  Aberration x2  
  43  8:51  Aberration  
  43  8:56  Swarmling x12  
  43  8:57  Swarmling x27  
  74  9:28  Swarmling x9  
  74  9:29  Swarmling x6  
  81  9:34  Zerg Flyer Weapons Level 1  
  81  9:44  Protective Cover  
  81  9:45  Adrenal Overload  
  82  10:03  Swarmling x3  
  82  10:04  Swarmling x24, Roach x12  
  82  10:05  Roach x8  
  98  10:24  Scourge x2  
  97  10:56  Scourge x4  
  97  10:57  Scourge x2  
  100  11:40  Zerg Melee Weapons Level 2  
  73  12:26  Swarmling x6  
  73  12:27  Swarmling x15  
  73  12:28  Scourge x10  
  73  12:29  Scourge x24  
  90  12:47  Swarmling x3  
  90  12:48  Swarmling x9  
  82  13:08  Scourge x2  
  82  13:09  Scourge x16  
  93  13:37  Scourge x20  
  88  13:58  Aberration  
  88  14:07  Scourge x6  
  88  14:08  Scourge x18  
  99  14:24  Roach x10  
  99  14:25  Roach x10  
  96  14:54  Scourge x8  
  69  15:20  Swarmling x24  
  69  15:21  Swarmling x9  
  69  15:28  Scourge x22  
  94  16:15  Scourge x2  
  94  16:16  Scourge x16  
  87  16:21  Swarmling x3  
  87  16:22  Swarmling x24  
  97  16:35  Swarmling x3  
  96  16:52  Swarmling x6  
  100  17:46  Roach x10  
  100  17:47  Roach x10  
  97  18:24  Swarmling x3  
  97  18:25  Swarmling x18  
  97  18:26  Swarmling x6  
  98  18:30  Scourge x2  
  98  18:31  Scourge x2  
  94  18:40  Swarmling x12  
  94  18:47  Swarmling x3  
  94  18:48  Swarmling x24  
  94  18:49  Swarmling x3  
  94  18:53  Scourge x14  
Show
View Real Time Build Order
Export as new Build Order

COLcy Zerg 

Build Orders:  

Get SALT Encoding   

  12  0:03  Drone  
  13  0:18  Overlord  
  13  0:25  Drone  
  14  0:43  Drone x2  
  16  0:53  Drone  
  17  1:24  Hatchery  
  17  1:26  Extractor  
  17  1:29  Drone x2  
  17  1:41  Drone  
  18  2:07  Spawning Pool  
  17  2:16  Extractor  
  16  2:31  Drone  
  16  2:37  Queen x2  
  21  2:53  Zergling x4  
  21  2:54  Zergling x4  
  24  3:03  Zergling  
  24  3:04  Zergling x3  
  24  3:06  Zergling  
  24  3:08  Zergling  
  24  3:17  Drone x2  
  24  3:18  Drone  
  27  3:26  Overlord  
  27  3:29  Zergling x2  
  27  3:30  Zergling x4  
  27  3:44  Lair  
  27  3:46  Zergling x6  
  27  3:50  Drone  
  25  4:00  Drone  
  28  4:02  Drone  
  30  4:44  Hatchery, Extractor  
  30  4:49  Drone  
  29  4:50  Drone x3  
  29  4:55  Extractor  
  31  5:08  Drone x4  
  35  5:45  Drone x2  
  35  5:46  Drone  
  38  6:01  Nydus Network  
  38  6:03  Hive  
  38  6:06  Nydus Network  
  36  6:54  Drone x2  
  36  6:55  Drone x4  
  36  6:57  Overlord x2  
  42  7:17  Omega Worm  
  42  7:19  Evolution Chamber  
  41  7:20  Evolution Chamber  
  41  7:27  Omega Worm  
  40  7:44  Ultralisk Cavern  
  40  7:49  Drone  
  40  7:50  Drone x2  
  42  8:10  Drone  
  42  8:12  Drone x2  
  42  8:13  Drone x5  
  50  8:45  Omega Worm  
  50  9:03  Drone x2  
  52  9:18  Nydus Network x2  
  50  9:22  Omega Worm  
  50  9:23  Nydus Network  
  50  9:27  Ultralisk  
  55  9:30  Chitinous Plating  
  55  9:32  Overlord x3  
  55  9:46  Heroic Fortitude, Chain Reaction  
  55  9:50  Metabolic Boost  
  55  9:54  Burrow Charge  
  55  10:10  Ability Efficiency  
  55  10:14  Hardened Carapace  
  55  10:18  Tissue Assimilation  
  55  10:22  Zerg Melee Weapons Level 1  
  55  10:26  Omega Worm  
  55  10:33  Omega Worm  
  55  10:38  Shredding Claws  
  55  10:43  Ultralisk x3  
  55  10:44  Ultralisk  
  79  10:54  Omega Worm  
  79  10:58  Zerg Ground Armor Level 1  
  79  11:01  Overlord x2  
  79  11:02  Overlord x2  
  79  11:05  Drone x3  
  82  11:14  Adrenal Overload  
  82  11:24  Omega Worm  
  82  11:33  Omega Worm  
  82  11:39  Omega Worm  
  82  11:42  Ultralisk x2  
  82  11:44  Overlord x2  
  94  12:00  Ultralisk  
  94  12:04  Omega Worm  
  100  12:16  Omega Worm  
  100  12:21  Zerg Melee Weapons Level 2  
  100  12:22  Zerg Ground Armor Level 2  
  100  12:58  Overlord  
  100  12:59  Overlord x4  
  100  13:00  Ultralisk  
  100  13:01  Ultralisk  
  112  13:14  Omega Worm  
  112  13:32  Omega Worm  
  112  13:46  Omega Worm  
  112  13:55  Zergling  
  112  14:17  Omega Worm  
  111  14:22  Omega Worm  
  111  14:32  Zergling  
  111  14:33  Omega Worm, Zergling x2  
  111  14:34  Zergling x3  
  111  14:35  Zergling  
  111  14:36  Omega Worm, Zergling x2  
  111  14:37  Zergling  
  111  14:38  Zergling x3  
  111  14:39  Zergling  
  111  14:40  Zergling x2  
  111  14:41  Zergling x2  
  111  14:42  Zergling x2  
  111  14:43  Zergling x2  
  111  14:44  Zergling x2  
  111  14:45  Zergling x2  
  111  14:46  Zergling  
  111  14:47  Zergling  
  111  14:48  Zergling x2  
  111  14:49  Zergling x2  
  111  14:53  Omega Worm  
  91  15:00  Ultralisk x5  
  111  15:01  Ultralisk  
  111  15:03  Overlord x4  
  141  15:43  Zerg Ground Armor Level 3, Zerg Melee Weapons Level 3  
  141  15:51  Zergling  
  141  15:53  Zergling x4  
  141  15:54  Zergling  
  141  15:55  Zergling x4  
  141  15:56  Zergling  
  141  15:58  Ultralisk  
  141  16:01  Zergling  
  141  16:02  Zergling  
  141  16:04  Zergling x2  
  141  16:05  Zergling  
  141  16:06  Zergling x2  
  141  16:13  Omega Worm, Zergling  
  141  16:14  Zergling x2  
  141  16:16  Zergling  
  141  16:19  Zergling  
  141  16:21  Zergling  
  139  16:54  Ultralisk  
  139  16:55  Ultralisk x3  
  139  16:57  Zergling x2  
  139  16:58  Zergling x26  
  177  17:01  Zergling x2  
  177  17:02  Zergling x7  
  177  17:03  Zergling x7  
  177  17:04  Zergling x8  
  177  17:05  Zergling x4  
  177  17:06  Zergling x9  
  177  17:07  Zergling x6  
  177  17:08  Zergling x7  
  177  17:22  Omega Worm  
  172  17:47  Zergling x4  
  172  17:49  Zergling x2  
  172  17:50  Zergling x5  
  172  17:51  Zergling x3  
  172  17:52  Zergling x3  
  172  17:53  Overseer, Zergling x2  
  172  17:54  Zergling x8  
  172  17:55  Zergling x4  
  172  17:56  Pneumatized Carapace, Zergling  
  172  17:57  Ultralisk, Zergling x7  
  172  17:58  Ultralisk  
  172  17:59  Zergling x5  
  184  18:01  Zergling  
  184  18:02  Zergling x3  
  184  18:03  Zergling x3  
  184  18:04  Zergling  
  184  18:05  Zergling x6  
  184  18:07  Zergling x3  
  184  18:08  Zergling  
  184  18:09  Omega Worm, Zergling x3  
  184  18:10  Zergling  
  184  18:11  Zergling x4  
  184  18:14  Zergling x3  
  184  18:16  Zergling  
  184  18:19  Zergling x4  
  182  18:20  Zergling x3  
  182  18:21  Zergling x4  
  182  18:27  Omega Worm  
  182  18:28  Omega Worm  
  181  18:31  Zergling x8  
  181  18:32  Zergling x3  
  181  18:33  Omega Worm  
  181  18:38  Omega Worm  
Tags
 
Add a new tag
Caveats
  • Supply blocks, unpowered buildings, or Contaminate may cause inaccurate times.
  • Supply counts are checked every 10 seconds.